 Dungeon Crawl Stone Soup version 0.27-a0-1081-ge8a0a9c698 (webtiles) character file.

Game seed: 11276721567505757165

3559 gruber the Frost Mage (level 9, 0/71 HPs)
             Began as a Demigod Ice Elementalist on Apr 16, 2021.
             Slain by a centaur warrior (1 damage)
             ... on level 8 of the Dungeon on Apr 25, 2021.
             The game lasted 00:30:43 (11879 turns).

gruber the Frost Mage (Demigod Ice Elementalist)   Turns: 11879, Time: 00:30:43

Health: 0/71       AC: 15    Str:  9    XL:     9   Next: 54%
Magic:  12/18      EV: 14    Int: 29    God:
Gold:   406        SH:  0    Dex: 14    Spells: 1/16 levels left

rFire    . . .     SeeInvis +   K - +2 dagger (venom)
rCold    . . .     Faith    .   (no shield)
rNeg     + . .     Spirit   .   H - +2 robe {Archmagi}
rPois    .         Reflect  .   (no helmet)
rElec    .         Harm     .   n - +0 cloak
rCorr    .         Rampage  .   (no gloves)
Will     .....                  (no boots)
Stlth    ++........             (no amulet)
HPRegen  0.21/turn              k - ring of see invisible
MPRegen  0.16/turn              p - ring of positive energy

@: ice-armoured, freezing walls
A: high mp 1, forlorn
a: no special abilities


You were on level 8 of the Dungeon.
You visited 1 branch of the dungeon, and saw 8 of its levels.
You also visited: Ossuary.

You collected 406 gold pieces.

Inventory:

Hand Weapons
 b - a +0 hunting sling
 s - a +1 dagger of electrocution
 K - a +2 dagger of venom (weapon)
 L - a +4 mace of freezing
Missiles
 i - 143 stones
 r - 4 atropa-tipped darts
 N - a throwing net
Armour
 n - a +0 cloak (worn)
 H - a +2 robe of the Archmagi (worn)
Jewellery
 k - a ring of see invisible (left hand)
 p - a ring of positive energy (right hand)
 J - a ring of fire
Wands
 t - a wand of flame (18)
 x - a wand of acid (9)
Scrolls
 d - a scroll of holy word {unknown}
 e - 10 scrolls of teleportation
 f - a scroll of acquirement {unknown}
 g - 4 scrolls of enchant armour {unknown}
 j - 2 scrolls of magic mapping {unknown}
 l - 3 scrolls of immolation {unknown}
 m - a scroll of enchant weapon {unknown}
 o - a scroll of silence {unknown}
 q - a scroll of blinking {unknown}
 u - a scroll of noise {unknown}
 v - 8 scrolls of identify {unknown}
 y - 3 scrolls of brand weapon {unknown}
 A - 2 scrolls of fog {unknown}
 D - a scroll of torment {unknown}
 M - a scroll of fear {unknown}
Potions
 a - 2 potions of curing {unknown}
 c - 3 potions of haste {unknown}
 h - 3 potions of attraction {unknown}
 w - 2 potions of cancellation {unknown}
 z - a potion of might {unknown}
 B - 2 potions of brilliance {unknown}
 C - 3 potions of invisibility {unknown}
 E - 2 potions of lignification {unknown}
 F - 2 potions of mutation {unknown}
 G - 2 potions of ambrosia {unknown}
 I - a potion of experience {unknown}


   Skills:
 - Level 4.1 Fighting
 - Level 0.4 Long Blades
 - Level 0.4(0.8) Axes
 - Level 0.4(0.8) Maces & Flails
 - Level 0.4(0.8) Polearms
 - Level 0.5(0.8) Staves
 - Level 0.5 Bows
 - Level 0.4 Crossbows
 - Level 4.0 Armour
 - Level 6.1 Dodging
 - Level 1.7 Stealth
 - Level 1.4 Shields
 - Level 4.0 Spellcasting
 - Level 3.1 Conjurations
 - Level 0.6 Hexes
 - Level 0.4 Summonings
 - Level 0.4 Necromancy
 - Level 1.0 Translocations
 - Level 0.4 Transmutations
 - Level 0.4 Fire Magic
 - Level 8.0 Ice Magic
 + Level 0.6 Air Magic
 - Level 0.5 Earth Magic
 - Level 0.4 Poison Magic


You had one spell level left.
You knew the following spells:

 Your Spells              Type           Power      Damage    Failure   Level
a - Freeze                Ice            100%       1d11      1%          1
b - Frozen Ramparts       Ice            100%       1d12      1%          3
c - Ozocubu's Armour      Ice            68%        N/A       1%          3
d - Hailstorm             Conj/Ice       54%        3d12      7%          4
e - Airstrike             Air            6%         N/A       47%         4

Your spell library contained the following spells:

 Spells                   Type           Power      Damage    Failure   Level
 Shock                    Conj/Air       96%        1d9       3%          1
 Corona                   Hex            15%        N/A       5%          1
 Static Discharge         Conj/Air       24%        N/A       4%          2
 Slow                     Hex            14%        N/A       9%          2
 Portal Projectile        Hex/Tloc       30%        N/A       16%         3
 Swiftness                Air            13%        N/A       16%         3
 Inner Flame              Hex/Fire       13%        N/A       17%         3
 Metabolic Englaciation   Hex/Ice        23%        N/A       32%         5
 Cause Fear               Hex            7%         N/A       47%         4
 Leda's Liquefaction      Hex/Erth       6%         N/A       50%         4
 Lightning Bolt           Conj/Air       12%        1d25      65%         5
 Irradiate                Conj/Tmut      12%        3d17      67%         5
 Blade Hands              Tmut           6%         N/A       100%        6
 Statue Form              Tmut/Erth      8%         N/A       100%        6
 Dragon Form              Tmut           6%         N/A       100%        7


Dungeon Overview and Level Annotations

Branches:
Dungeon (8/15)             Temple (0/1) D:5         Ossuary (visited)
   Lair: D:8-11

Shops:
D:1 *   D:4 =

Annotations:
D:3 2 transporters, FortyThree's ghost, amateur DsAK


Innate Abilities, Weirdness & Mutations

Your attributes grow dramatically as you level up.
You have an increased reservoir of magic. (+10% MP)
You shall have no god before yourself.


Message History

Okay, then.
e - 10 scrolls of teleportation (gained 1)
Things that are here:
a +0 robe; a +0 dagger You see here a +0 scale mail.
A - 2 scrolls labelled BUECYU CAOROAMA (gained 1)
A centaur warrior comes into view.
The centaur warrior wields a +0 longbow.
The centaur warrior shoots an arrow.
The arrow misses you.
The centaur warrior shoots an arrow.
The arrow closely misses you.
The centaur warrior shoots an arrow.
The arrow barely misses you.
The centaur warrior shoots an arrow.
The arrow hits you!!
The centaur warrior shoots an arrow.
The arrow hits you!
The centaur warrior shoots an arrow.
The arrow hits you!!
* * * LOW HITPOINT WARNING * * *
The centaur warrior unwields a +0 longbow.
The centaur warrior hits you but does no damage.
The centaur warrior kicks you but does no damage.
Casting: Frozen Ramparts (safe; 1% risk of failure)
Confirm with . or Enter, or press ? or * to list all spells.
Casting: Frozen Ramparts (safe; 1% risk of failure)
Press: ? - help, Dir - look around, f - activate You feel a surge of power!
The walls around you are covered in ice.
The wall freezes the centaur warrior!
The centaur warrior hits you.
* * * LOW HITPOINT WARNING * * *
The centaur warrior closely misses you.
Unknown command.
Unknown command.
Unknown command.
Casting: Frozen Ramparts (safe; 1% risk of failure)
Confirm with . or Enter, or press ? or * to list all spells.
You feel a surge of power! A film of ice covers your body!
The wall freezes the centaur warrior!
The centaur warrior hits you!
* * * LOW HITPOINT WARNING * * *
The centaur warrior misses you.
The wall freezes the centaur warrior.
The centaur warrior hits you.
* * * LOW HITPOINT WARNING * * *
The centaur warrior kicks you.
You die...

#.........##
#..# #....#
######....#
##.## #...<.
###..# #..#
##...## #.[#
##.## ##...##
#..#
##..###....#
##..#
##..##.....##
###...#
##..###....##
##.....#####..##
##..######
..........#@..##
#..###...
..........c..##
#..##....
......########
#..##..## .....#
#..##..## ....#
##..##...# ..c#
#......... ...
##.....>..#
###........##
#..........##


You could see a centaur warrior.

Vanquished Creatures
  Prince Ribbit (D:6)
  Sigmund (D:4)
  Eustachio (D:4)
  A steam dragon (D:5)
  2 water moccasins
  An orc warrior (D:7)
  2 black bears
  An ice beast (D:5)
  2 sky beasts
  3 necrophages
  A centaur (D:6)
  4 bullfrogs
  2 scorpions
  A wyvern skeleton (D:6)
  A water moccasin skeleton (D:5)
  A wight (D:7)
  3 howler monkeys (D:8)
  3 hounds
  A jelly (D:3)
  Crazy Yiuf (D:2)
  5 orc priests
  4 centaur skeletons
  4 iguanas
  A scorpion zombie (D:5)
  Terence (D:2)
  8 orc wizards
  2 hound skeletons
  A howler monkey zombie (D:7)
  13 mummies (Ossuary)
  3 gnolls (D:3)
  8 adders
  A worm (D:3)
  6 dart slugs
  16 orcs
  7 bats
  10 endoplasms
  6 giant cockroaches
  8 goblins
  5 hobgoblins
  16 jackals
  6 quokkas
  5 ball pythons
  3 gnoll skeletons (Ossuary)
  2 goblin skeletons (Ossuary)
  3 kobolds
  3 orc skeletons (Ossuary)
  5 rats
  11 rat skeletons (Ossuary)
196 creatures vanquished.

Vanquished Creatures (others)
  An adder (D:5)
  An orc (D:5)
  4 demonic plants (D:2)
  7 fungi (D:2)
  2 plants (D:2)
  2 withered plants (D:2)
17 creatures vanquished.

Grand Total: 213 creatures vanquished

Notes
Turn   | Place    | Note
-------+----------+-------------------------------------------
     0 | D:1      | gruber the Demigod Ice Elementalist began the quest for the
                  | Orb.
     0 | D:1      | Reached XP level 1. HP: 14/14 MP: 5/5
     1 | D:1      | Noticed an electric eel
   415 | D:1      | Reached skill level 4 in Ice Magic
   471 | D:1      | Reached XP level 2. HP: 20/20 MP: 7/7
   481 | D:1      | Found Afuwele's General Store.
  1194 | D:2      | Reached XP level 3. HP: 24/26 MP: 8/8
  1458 | D:2      | Learned a level 3 spell: Frozen Ramparts
  1807 | D:2      | Noticed Terence
  1815 | D:2      | Killed Terence
  1816 | D:2      | Reached skill level 5 in Ice Magic
  1908 | D:2      | Found a runed translucent door.
  1909 | D:2      | Noticed Crazy Yiuf
  2002 | D:2      | Reached XP level 4. HP: 31/33 MP: 10/10
  2464 | D:2      | Killed Crazy Yiuf
  3294 | D:3      | Reached XP level 5. HP: 38/38 MP: 8/12
  4038 | D:3      | Found a transporter.
  4042 | D:3      | Found a transporter.
  4043 | D:3      | Noticed FortyThree's ghost (amateur DsAK)
  4046 | D:3      | Identified the +5 dire flail of Defiance {elec, *Slow rN+
                  | MP+9 Int+3}
  4046 | D:3      | Noticed an ogre
  4046 | D:3      | Noticed an ogre
  4533 | D:4      | Reached skill level 6 in Ice Magic
  4561 | D:4      | Reached XP level 6. HP: 33/45 MP: 5/13
  4572 | D:4      | Learned a level 3 spell: Ozocubu's Armour
  4577 | D:4      | Learned a level 4 spell: Hailstorm
  4858 | D:4      | Noticed Sigmund
  4864 | D:4      | Killed Sigmund
  4865 | D:4      | Reached skill level 7 in Ice Magic
  5006 | D:4      | Noticed Eustachio
  5026 | D:4      | Killed Eustachio
  5027 | D:4      | Reached XP level 7. HP: 25/50 MP: 11/14
  5585 | D:4      | Reached skill level 8 in Ice Magic
  5733 | D:4      | Found Hirah Mikhe's Jewellery Shop.
  6219 | D:5      | Entered Level 5 of the Dungeon
  6651 | D:5      | Reached skill level 1 in Translocations
  6663 | D:5      | Found a sand-covered staircase.
  6668 | Ossuary  | Entered an ossuary
  6978 | Ossuary  | Reached skill level 1 in Conjurations
  7673 | Ossuary  | Reached XP level 8. HP: 57/57 MP: 9/15
  8339 | D:5      | Found a staircase to the Ecumenical Temple.
  9740 | D:6      | Reached skill level 5 in Dodging
  9890 | D:6      | Noticed Prince Ribbit
  9903 | D:6      | Killed Prince Ribbit
  9904 | D:6      | Reached XP level 9. HP: 38/67 MP: 13/18
 10678 | D:7      | Upgraded the game from 0.27-a0-998-g4cfe56dd59 to
                  | 0.27-a0-1081-ge8a0a9c698
 10989 | D:7      | Reached skill level 1 in Armour
 11081 | D:7      | You fall into a shaft and drop 1 floor!
 11309 | D:8      | Reached skill level 1 in Shields
 11514 | D:7      | Learned a level 4 spell: Airstrike
 11867 | D:8      | Noticed a centaur warrior
 11879 | D:8      | HP: 1/71 [centaur warrior (3)]
 11879 | D:8      | Slain by a centaur warrior

Illustrated notes

Levels and vault maps discovered:
D:1:      arrival_aquarium_a, layout_basic, serial_shops, shop
D:2:      layout_loops_ring, basic_altar, serial_glass, glass_columns_a,
          glass_columns_b, shapermc_ecumenical_altar_gd,
          uniq_crazy_yiuf_cottage, uniq_terence
D:3:      layout_loops_corners, overflow_temple_1_default,
          general_overflow_altar, minitemple, gammafunk_ghost_smash,
          minmay_randomly_rotated_circles
D:4:      layout_basic, tso_metal_star, serial_shops,
          nicolae_shop_temple_entry_statues_fountains, st_stairs_11,
          uniq_eustachio, uniq_sigmund
D:5:      layout_rooms, kennysheep_mini, nicolae_hepliaklqana_hippocampus,
          minmay_temple_entry_stoned_glass, enter_ossuary_5, minivault_14,
          solitary_fountain
D:6:      layout_gridville, uniq_prince_ribbit1
D:7:      layout_basic, minmay_fractal_squares_5
D:8:      layout_layer_cave, minmay_misc_feat_room, kennysheep_pointless_box

Skill      XL: |  1  2  3  4  5  6  7  8  9 |
---------------+----------------------------+-----
Ice Magic      | 4 5 6 7 8 |  8.0
Spellcasting   | 2 3 4 |  4.0
Translocations | 1 |  1.0
Conjurations   | 2 3 |  3.1
Fighting       | 2 4 |  4.1
Dodging        | 5 6 |  6.1
Armour         | 4 |  4.0
Shields        | 1 |  1.4
Long Blades    | |  0.4
Axes           | |  0.4
Maces & Flails | |  0.4
Polearms       | |  0.4
Staves         | |  0.5
Bows           | |  0.5
Crossbows      | |  0.4
Stealth        | |  1.7
Hexes          | |  0.6
Summonings     | |  0.4
Necromancy     | |  0.4
Transmutations | |  0.4
Fire Magic     | |  0.4
Air Magic      | |  0.6
Earth Magic    | |  0.5
Poison Magic   | |  0.4

Action                   |  1- 3 |  4- 6 |  7- 9 || total
-------------------------+-------+-------+-------++-------
Melee: Short sword       |    46 |     1 |       ||    47
       Unarmed           |     2 |       |       ||     2
       Dagger            |       |     9 |   247 ||   256
 Fire: Hunting sling     |    67 |   144 |       ||   211
 Cast: Freeze            |    12 |    21 |    10 ||    43
       Frozen Ramparts   |     2 |    10 |    46 ||    58
       Hailstorm         |       |     2 |     8 ||    10
       Ozocubu's Armour  |       |       |    17 ||    17
  Use: Scroll            |       |       |     1 ||     1
 Stab: Sleeping          |     2 |       |     6 ||     8
Armor: Robe              |    17 |    22 |    49 ||    88
Dodge: Dodged            |    70 |    75 |   145 ||   290

Table legend: (Time is in decaauts)
 A = Elapsed time spent in this place.
 B = Non-inter-level travel time spent in this place.
 C = Inter-level travel time spent in this place.
 D = Time resting spent in this place.
 E = Time spent auto-exploring this place.
 F = Levels seen in this place.
 G = Mean time per level.
                   A        B        C        D        E       F      G
               +--------+--------+--------+--------+--------+-----+--------+
         Total |  11916 |  11599 |    317 |     82 |  10028 |   9 | 1324.0 |
       Dungeon |  10382 |  10065 |    317 |     82 |   8733 |   8 | 1297.8 |
       Ossuary |   1533 |   1533 |      0 |      0 |   1295 |   1 | 1533.0 |
               +--------+--------+--------+--------+--------+-----+--------+

Top non-repeatable levels by time:
     D:3: 2051 daAuts
     D:4: 1694 daAuts
 Ossuary: 1533 daAuts
     D:5: 1435 daAuts
     D:2: 1408 daAuts
     D:6: 1127 daAuts
     D:1: 1104 daAuts
     D:7: 817 daAuts
     D:8: 744 daAuts
